 Dungeon Crawl Stone Soup version 0.24.0-7-gb3623d2c88 (webtiles) character file.

Game seed: 15410945297561258626, levelgen mode: deterministic

181459 inmateoo the Severer (level 17, -2/162 HPs)
             Began as a Deep Dwarf Fighter on Nov 3, 2019.
             Was the Champion of the Shining One.
             Slain by a hell beast (10 damage)
             ... summoned by Geryon
             ... in the Vestibule of Hell.
             The game lasted 00:36:02 (22683 turns).

inmateoo the Severer (Deep Dwarf Fighter)          Turns: 22683, Time: 00:36:03

Health: -2/162     AC: 32    Str: 24    XL:     17   Next: 67%
Magic:  0/0        EV: 11    Int: 15    God:    the Shining One [******]
Gold:   752        SH:  5    Dex: 15    Spells: 16/16 levels left

rFire    + + +     SeeInvis .   d - +7 executioner's axe (chop)
rCold    + + .     Gourm    .   (shield currently unavailable)
rNeg     + + +     Faith    .   D - +9 plate armour {ponderous}
rPois    +         Spirit   .   A - +1 helmet {Int+3}
rElec    +         Reflect  +   L - scarf {rC+ rF+}
rCorr    +         Harm     .   I - +1 pair of gloves
MR       ++...                  b - +0 pair of boots
Stlth    ..........             k - +5 amulet of reflection
HPRegen  0.00/turn              O - ring of protection from fire
MPRegen  0.07/turn              F - ring of Xom's Condemnation {rPois rCorr Dex+3}

@: resistant, non-regenerating, glowing, slow
A: damage resistance, heal wounds, negative energy resistance 1, sense
surroundings 2, no regeneration
a: Heal Wounds, Divine Shield, Cleansing Flame, Summon Divine Warrior, Renounce
Religion


You were in the Vestibule of Hell.
You worshipped the Shining One.
The Shining One was exalted by your worship.
You were not hungry.

You visited 5 branches of the dungeon, and saw 25 of its levels.
You also visited: Ossuary, Bailey and Ice Cave.

You collected 3197 gold pieces.
You spent 2445 gold pieces at shops.

Inventory:

Hand Weapons
 d - a +7 executioner's axe of chopping (weapon)
 u - a +7 broad axe of holy wrath
Armour
 b - a +0 pair of boots (worn)
 v - +0 fire dragon scales
 A - a +1 helmet of intelligence (worn)
 D - a +9 plate armour of ponderousness (worn)
 I - a +1 pair of gloves (worn)
 L - a scarf of resistance (worn)
Jewellery
 k - a +5 amulet of reflection (around neck)
 l - the ring of the Mage {Wiz MR++ Int+3}
   (You found it on level 1 of the Depths)

   [ring of wizardry]

   It improves your spell success rate.
   It affects your intelligence (+3).
   It affects your resistance to hostile enchantments.
 F - the ring of Xom's Condemnation (right hand) {rPois rCorr Dex+3}
   (You found it on level 8 of the Dungeon)

   [ring of resist corrosion]

   It affects your dexterity (+3).
   It protects you from poison.
   It provides partial protection from all sources of acid and corrosion.
 K - an uncursed ring of ice
 M - a cursed ring of ice
 O - a ring of protection from fire (left hand)
Wands
 i - a wand of flame (13)
 s - a wand of acid (28)
 w - a wand of polymorph (30)
 E - a wand of paralysis (9)
Scrolls
 c - 4 scrolls of magic mapping
 r - 17 scrolls of teleportation
 t - 8 scrolls of fear
 x - 3 scrolls of amnesia
 y - 4 scrolls of enchant armour
 B - 11 scrolls of remove curse
 C - 12 scrolls of identify
Potions
 a - 2 potions of resistance
 e - 3 potions of brilliance
 g - 9 potions of flight
 h - 6 potions of curing
 j - 5 potions of cancellation
 m - 2 potions of lignification
 n - 2 potions of agility
 q - 3 potions of ambrosia
 z - 4 potions of heal wounds
Miscellaneous
 o - a phial of floods
 G - a lamp of fire
Comestibles
 f - 36 rations


   Skills:
 + Level 12.7 Fighting
 * Level 19.7 Axes
 + Level 14.7 Armour
 + Level 6.7 Dodging
   Level 13.5 Shields
 + Level 15.8 Invocations


You had 16 spell levels left.
You didn't know any spells.
Your spell library contained the following spells:

 Spells                   Type           Power        Failure   Level  Hunger
 Animate Skeleton         Necr           N/A          91%         1    ##.....
 Confusing Touch          Hex            #.....       91%         1    ##.....
 Corona                   Hex            #......      91%         1    ##.....
 Infusion                 Chrm           #...         91%         1    ##.....
 Magic Dart               Conj           #...         91%         1    ##.....
 Pain                     Necr           #...         91%         1    ##.....
 Sandblast                Erth           #.....       91%         1    ##.....
 Shock                    Conj/Air       #...         91%         1    ##.....
 Sting                    Conj/Pois      #...         91%         1    ##.....
 Corpse Rot               Necr           N/A          97%         2    ###....
 Ensorcelled Hibernation  Hex/Ice        #.....       97%         2    ###....
 Poisonous Vapours        Pois/Air       #.....       97%         2    ###....
 Searing Ray              Conj           #.....       97%         2    ###....
 Shroud of Golubria       Chrm/Tloc      #.....       97%         2    ###....
 Song of Slaying          Chrm           #.......     97%         2    ###....
 Sublimation of Blood     Necr           #.........   97%         2    ###....
 Swiftness                Chrm/Air       #.......     97%         2    ###....
 Confuse                  Hex            #.......     100%        3    ####...
 Dazzling Spray           Conj/Hex       #.....       100%        3    ####...
 Gell's Gravitas          Tloc           #.........   100%        3    ####...
 Mephitic Cloud           Conj/Pois/Air  #.......     100%        3    ####...
 Recall                   Summ/Tloc      N/A          100%        3    ####...
 Spectral Weapon          Hex/Chrm       #.......     100%        3    ####...
 Tukima's Dance           Hex            #.......     100%        3    ####...
 Vampiric Draining        Necr           #.........   100%        3    ####...
 Animate Dead             Necr           N/A          100%        4    #####..
 Force Lance              Conj/Tloc      #.......     100%        4    #####..
 Fulminant Prism          Conj/Hex       #.........   100%        4    #####..
 Ice Form                 Ice/Tmut       #.......     100%        4    #####..
 Iskenderun's Mystic Bla  Conj           #.......     100%        4    #####..
 Olgreb's Toxic Radiance  Pois           #.......     100%        4    #####..
 Petrify                  Tmut/Erth      #.......     100%        4    #####..
 Agony                    Necr           #.......     100%        5    ######.
 Aura of Abjuration       Summ           #.........   100%        5    ######.
 Bolt of Draining         Conj/Necr      #.........   100%        5    ######.
 Dispel Undead            Necr           #.......     100%        5    ######.
 Excruciating Wounds      Chrm/Necr      #.........   100%        5    ######.
 Metabolic Englaciation   Hex/Ice        #.........   100%        5    ######.
 Summon Demon             Summ           #.........   100%        5    ######.
 Summon Forest            Summ/Tloc      #.........   100%        5    ######.
 Summon Mana Viper        Hex/Summ       #.......     100%        5    ######.
 Venom Bolt               Conj/Pois      #.........   100%        5    ######.
 Yara's Violent Unravell  Hex/Tmut       #.........   100%        5    ######.
 Bolt of Cold             Conj/Ice       #.........   100%        6    #######
 Freezing Cloud           Conj/Ice/Air   #.........   100%        6    #######
 Ozocubu's Refrigeration  Ice            #.........   100%        6    #######
 Shadow Creatures         Summ           N/A          100%        6    #######
 Simulacrum               Ice/Necr       #.........   100%        6    #######
 Tornado                  Air            #.........   100%        9    #######
 Regeneration             Chrm/Necr      Unusable     N/A         3    N/A

Dungeon Overview and Level Annotations

Branches:
Dungeon (15/15)            Temple (0/1) D:7            Lair (6/6) D:10
 Shoals (0/4) Lair:3        Snake (0/4) Lair:3        Slime (0/5) Lair:5
    Orc (2/2) D:9             Elf (0/3) Orc:2        Vaults (0/5) D:14
 Depths (1/5) D:15           Hell (1/1)             Ossuary (visited)
 Bailey (visited)           IceCv (visited)
    Dis: Hell:1         Geh: Hell:1         Coc: Hell:1         Tar: Hell:1

Altars:
Dithmenos
Fedhas
Kikubaaqudgha
Makhleb
Okawaru
Ru
Sif Muna
Trog
Uskayaw
Vehumet
Yredelemnul
Zin
The Shining One
Beogh
Jiyva

Shops:
D:5 =   D:8 [   D:10 *   D:12 !   Orc:2 =*?[

Portals:
Hell: Depths:1
Trove: D:11 (give 8 potions of agility)

Annotations:
D:4 exclusion: oklob plant
D:9 1 runed translucent door, Taprar's ghost, novice DrFE
Lair:1 exclusion: oklob plant
Hell Geryon


Innate Abilities, Weirdness & Mutations

You are resistant to damage.
You can heal yourself by infusing magical energy.
You resist negative energy. (rN+)
You passively map the area around you.
You do not regenerate.


Message History

The hell beast bites you.
* * * LOW HITPOINT WARNING * * *
The hell beast barely misses you. x2; The hell beast tramples you.
You hold your ground!
The hell beast closely misses you. The hell beast barely misses you.
The hell beast bites you but does no damage.
The hell beast tramples you but does no damage.
The hell beast bites you!
* * * LOW HITPOINT WARNING * * *
The hell beast tramples you but does no damage.
The red devil hits you from afar with a +0 trident.
* * * LOW HITPOINT WARNING * * *
The hell beast bites you but does no damage.
The hell beast tramples you!
* * * LOW HITPOINT WARNING * * *
You hold your ground!
The green death hits you but does no damage.
You block the reaper's attack. The hell beast bites you.
You block the hell beast's attack. The hell beast bites you!
You die...

....... * #...#..# *
......# * .....#
#...# , ##...## ,
##..∩..## * ,
##2222...## *
##3&2@2....## * , *
##..4222.....##
##...))........# ≈ ,
, ≈
*#...............* ,
≈≈ ≈
..................,
, ,
...∩.............∩ ≈
,, ≈ ,
.........∩........,,
, .##...............
*≈ ≈ ,
*##.............# *
≈ ≈


You could see Geryon, 7 hell beasts, a reaper, a green death, a smoke demon and
a red devil.

Vanquished Creatures
  A golden dragon (Depths:1)
  A lich (Depths:1)
  Asterion (Depths:1)
  2 azure jellies (Lair:6)
  2 fire giants (Depths:1)
  2 frost giants
  A balrug (Depths:1)
  5 very ugly things (Depths:1)
  A stone giant (Depths:1)
  A merfolk javelineer (Depths:1)
  A merfolk impaler (Depths:1)
  A death ooze (Lair:6)
  A great orb of eyes (Lair:6)
  2 fire dragons
  Fannar (Lair:2)
  8 hydras
  A vault guard (D:14)
  Erica (Lair:1)
  2 ice dragons (Depths:1)
  A spriggan air mage (Depths:1)
  2 deep troll shamans (Depths:1)
  14 two-headed ogres
  2 tengu warriors
  6 centaur warriors
  25 death yaks
  4 deep troll earth magi (Depths:1)
  A vampire mage (Depths:1)
  A soul eater (Hell)
  2 ogre magi
  7 hell knights (D:13)
  3 orc high priests (Orc:2)
  4 sun demons
  Nergalle (Lair:3)
  9 skeletal warriors
  A glowing orange brain (D:15)
  5 unseen horrors
  A storm dragon skeleton (Hell)
  6 deep trolls (Depths:1)
  A swamp dragon (Lair:6)
  A wizard (D:15)
  5 orc knights
  A deep elf mage (D:12)
  2 necromancers (Hell)
  A wolf spider (Lair:6)
  An oklob plant (Lair:4)
  A wolf spider zombie (D:14)
  2 cyclopes (D:15)
  5 orc sorcerers
  A stone giant zombie (Hell)
  6 manticores
  2 fire giant zombies (Hell)
  17 ugly things
  A guardian serpent (Lair:6)
  13 elephants
  Joseph (D:9)
  2 ice statues (IceCv)
  An elephant (shapeshifter) (D:15)
  7 black mambas
  A rust devil (Hell)
  3 smoke demons (Hell)
  20 spiny frogs
  4 gargoyles
  4 centaur skeletons
  A dire elephant skeleton (Hell)
  An efreet (D:14)
  10 komodo dragons
  7 yaktaurs (Depths:1)
  A guardian mummy (D:11)
  A tengu conjurer (D:14)
  A harpy zombie (D:15)
  A meliai (shapeshifter) (D:15)
  5 trolls
  18 polar bears (IceCv)
  3 hornets (Lair:6)
  9 blink frogs (Lair:6)
  Prince Ribbit (D:8)
  6 hippogriffs
  25 slime creatures
  5 dream sheep (Lair:6)
  A centaur simulacrum (D:14)
  3 redbacks
  4 wraiths
  2 shadows
  3 vampires
  3 basilisks
  An ice dragon skeleton (Hell)
  2 tarantellas (D:15)
  Grum (D:8)
  37 yaks
  6 water elementals (Depths:1)
  11 wyverns
  A hog (shapeshifter) (D:13)
  7 vampire mosquitoes
  Menkaure (D:4)
  2 wargs (Orc:2)
  3 nagas (Lair:3)
  A soldier ant (shapeshifter) (D:15)
  5 acid dragons
  26 water moccasins
  8 porcupines
  11 hell hounds
  2 swamp drakes (Lair:6)
  17 orc warriors
  2 sky beasts
  2 black bears
  5 ice beasts
  An alligator simulacrum (Hell)
  13 ogres
  3 eyes of draining
  A boggart (D:15)
  21 centaurs
  A necrophage (D:13)
  12 wolves
  22 crocodiles
  An elf zombie (Ossuary)
  3 big kobolds
  18 bullfrogs
  2 wyvern zombies
  8 gnoll sergeants (Bailey)
  A wyvern skeleton (D:11)
  8 scorpions
  A water moccasin skeleton (D:10)
  3 wights (D:10)
  An electric eel (D:14)
  A howler monkey (D:4)
  13 crimson imps
  A bullfrog zombie (D:8)
  12 hounds
  A human zombie (Ossuary)
  13 orc priests
  Crazy Yiuf (D:4)
  4 bullfrog skeletons
  13 jellies
  23 orc wizards
  6 centaur zombies
  3 iron imps (Hell)
  8 gnoll shamans
  Natasha (D:4)
  6 iguanas
  8 worker ants
  A worker ant (shapeshifter) (D:15)
  6 big kobold zombies (Ossuary)
  A hound zombie (D:6)
  2 mummies (Ossuary)
  Robin (D:4)
  3 worker ant zombies
  30 gnolls
  A howler monkey skeleton (D:7)
  15 adders
  2 river rats (D:10)
  2 shadow imps
  4 oozes
  4 adder skeletons
  7 worms
  6 leopard geckos
  73 orcs
  8 bats
  3 bat skeletons (D:5)
  3 bat zombies (D:5)
  4 giant cockroaches
  A gnoll zombie (Ossuary)
  15 goblins
  13 hobgoblins
  16 jackals
  21 kobolds
  7 quokkas
  2 ball pythons
  8 frilled lizards
  A hobgoblin zombie (Ossuary)
  A jackal zombie (D:5)
  A leopard gecko skeleton (D:4)
  3 orc zombies (Ossuary)
  2 quokka skeletons
  A quokka zombie (D:7)
  9 rats
  A bush (D:4)
  5 fungi
  7 plants
1019 creatures vanquished.

Vanquished Creatures (collateral kills)
  Rupert (Lair:6)
  A hydra (D:14)
  A centaur warrior (D:14)
  Urug (Lair:2)
  An ugly thing (D:11)
  A komodo dragon (Lair:6)
  A wyvern (Lair:6)
  A boggart (D:11)
  A centaur (D:14)
  A scorpion (D:11)
  2 jellies
  A howler monkey skeleton (D:11)
13 creatures vanquished.

Vanquished Creatures (others)
  A frost giant (Depths:1)
  A cyclops (D:15)
  A komodo dragon (D:14)
  4 centaurs
  2 orcs
  6 fungi
  28 plants
43 creatures vanquished.

Grand Total: 1075 creatures vanquished

Notes
Turn   | Place    | Note
-------+----------+-------------------------------------------
     0 | D:1      | inmateoo the Deep Dwarf Fighter began the quest for the
                  | Orb.
     0 | D:1      | Reached XP level 1. HP: 20/20 MP: 1/1
    97 | D:1      | Reached XP level 2. HP: 24/27 MP: 2/2
   419 | D:1      | Reached skill level 3 in Axes
   507 | D:1      | Reached XP level 3. HP: 29/33 MP: 3/3
   839 | D:2      | Reached XP level 4. HP: 21/42 MP: 4/4
  1103 | D:2      | Found a radiant altar of Vehumet.
  1411 | D:3      | Found a glowing golden altar of the Shining One.
  1417 | D:3      | Found a bloodstained altar of Trog.
  1426 | D:3      | Found a basalt altar of Yredelemnul.
  1431 | D:3      | Reached skill level 4 in Axes
  1431 | D:3      | Reached XP level 5. HP: 22/49 MP: 5/5
  1436 | D:3      | Noticed an angel
  1441 | D:3      | Became a worshipper of the Shining One
  1451 | D:3      | Noticed a profane servitor
  1591 | D:3      | HP: 1/49 [gnoll/+0 halberd (11)]
  2055 | D:4      | Reached * piety under the Shining One
  2060 | D:4      | Reached XP level 6. HP: 41/57 MP: 5/5
  2080 | D:4      | Noticed Natasha
  2085 | D:4      | Killed Natasha
  2085 | D:4      | Reached skill level 5 in Axes
  2108 | D:4      | Found a shimmering blue altar of Sif Muna.
  2159 | D:4      | Noticed Menkaure
  2171 | D:4      | Killed Menkaure
  2171 | D:4      | Reached skill level 5 in Armour
  2171 | D:4      | Reached skill level 5 in Shields
  2171 | D:4      | Reached XP level 7. HP: 58/64 MP: 6/6
  2286 | D:4      | Found a blossoming altar of Fedhas.
  2301 | D:4      | Noticed an oklob plant
  2523 | D:4      | Found a runed translucent door.
  2523 | D:4      | Noticed Robin
  2524 | D:4      | Noticed Crazy Yiuf
  2847 | D:4      | Killed Robin
  2850 | D:4      | Killed Crazy Yiuf
  2850 | D:4      | Reached skill level 6 in Axes
  2900 | D:5      | Entered Level 5 of the Dungeon
  3071 | D:5      | Reached ** piety under the Shining One
  3073 | D:5      | Found an ancient bone altar of Kikubaaqudgha.
  3204 | D:5      | Found Koczimog's Jewellery Emporium.
  3298 | D:5      | Reached XP level 8. HP: 46/73 MP: 7/7
  3669 | D:5      | Reached skill level 7 in Axes
  4309 | D:6      | Reached skill level 5 in Fighting
  4418 | D:6      | Reached skill level 8 in Axes
  4418 | D:6      | Reached skill level 1 in Invocations
  4429 | D:6      | Reached *** piety under the Shining One
  4576 | D:6      | Found a hide-covered altar of Uskayaw.
  4576 | D:6      | Found a glowing silver altar of Zin.
  4577 | D:6      | Found a sacrificial altar of Ru.
  4987 | D:7      | Found a sand-covered staircase.
  4992 | D:7      | Gained mutation: You passively map the area around you.
                  | [Deep Dwarf growth]
  4992 | D:7      | Reached XP level 9. HP: 57/81 MP: 9/9
  4999 | Ossuary  | Entered an ossuary
  5018 | Ossuary  | Reached **** piety under the Shining One
  5369 | D:7      | Found a staircase to the Ecumenical Temple.
  5454 | D:7      | Reached skill level 9 in Axes
  5643 | D:8      | Found Tamism's Antique Armour Shoppe.
  5643 | D:8      | Noticed Grum
  5667 | D:8      | Killed Grum
  5670 | D:8      | Noticed a two-headed ogre
  5671 | D:8      | Bought a pair of faintly humming gloves for 228 gold pieces
  5673 | D:8      | Noticed Prince Ribbit
  5690 | D:7      | Identified the +0 pair of gloves of Wumirr {Int+2} (You
                  | bought it in a shop on level 8 of the Dungeon)
  5855 | D:8      | Identified the +3 ring mail "Zuoll" {rC- rN+ Int+2}
  5905 | D:8      | Reached ***** piety under the Shining One
  5950 | D:8      | Killed Prince Ribbit
  5950 | D:8      | Reached skill level 10 in Axes
  5950 | D:8      | Reached XP level 10. HP: 75/91 MP: 12/12
  5989 | D:8      | Killed a two-headed ogre
  5989 | D:8      | Reached skill level 5 in Invocations
  5989 | D:8      | Noticed Maurice
  5994 | D:8      | Noticed Maurice
  5994 | D:8      | Maurice changed into Maurice the centaur
  6000 | D:8      | Killed Maurice the centaur
  6006 | D:8      | Got a glittering marble ring
  6326 | D:9      | Found a runed translucent door.
  6334 | D:9      | Identified the +7 spear "Ymelalaz" {flame, rElec}
  6340 | D:9      | Noticed Taprar's ghost (novice DrFE)
  6440 | D:9      | Found a flagged portal.
  6456 | Bailey   | Entered a bailey
  6577 | Bailey   | Identified the ring of Xom's Condemnation {rPois rCorr
                  | Dex+3} (You found it on level 8 of the Dungeon)
  7008 | D:9      | Found a staircase to the Orcish Mines.
  7028 | D:9      | Noticed Joseph
  7038 | D:9      | Killed Joseph
  7127 | D:9      | Noticed a white ugly thing
  7133 | D:9      | Killed a white ugly thing
  7289 | D:9      | Reached skill level 11 in Axes
  7355 | D:9      | Found an iron altar of Okawaru.
  7356 | D:9      | Found a burning altar of Makhleb.
  7533 | D:10     | Entered Level 10 of the Dungeon
  7535 | D:10     | Noticed a death yak
  7553 | D:10     | Killed a death yak
  7596 | D:10     | Found a staircase to the Lair.
  7597 | D:10     | Noticed a death yak
  7597 | D:10     | Noticed a death yak
  7617 | D:10     | Reached XP level 11. HP: 39/100 MP: 13/13
  7630 | D:10     | Killed a death yak
  7638 | D:10     | Killed a death yak
  7818 | D:10     | Found a radiant altar of Vehumet.
  7932 | D:10     | Noticed a two-headed ogre
  7939 | D:10     | Killed a two-headed ogre
  7939 | D:10     | Reached skill level 12 in Axes
  8004 | D:10     | Found Georuqal's Assorted Antiques.
  8017 | D:10     | Bought a scroll of identify for 52 gold pieces
  8017 | D:10     | Bought a sapphire potion for 23 gold pieces
  8393 | D:11     | Found a portal to a secret trove of treasure.
  8469 | D:11     | Reached ****** piety under the Shining One
  8472 | D:11     | Noticed a two-headed ogre
  8482 | D:11     | Killed a two-headed ogre
  8548 | D:11     | Noticed a white ugly thing
  8548 | D:11     | Noticed a cyan ugly thing
  8555 | D:11     | Killed a cyan ugly thing
  8560 | D:11     | Killed a white ugly thing
  9022 | D:11     | Noticed a two-headed ogre
  9031 | D:11     | Killed a two-headed ogre
  9081 | D:11     | Noticed an unseen horror
  9088 | D:11     | Reached XP level 12. HP: 110/110 MP: 13/13
  9122 | D:11     | Identified Yteekut's Catalogue of Ashen Lightness
  9250 | D:12     | Noticed a two-headed ogre
  9258 | D:12     | Killed a two-headed ogre
  9267 | D:12     | Found Efyeh's Distillery.
  9328 | D:12     | Reached skill level 13 in Axes
  9340 | D:12     | Reached skill level 10 in Armour
  9351 | D:12     | Reached skill level 10 in Shields
  9501 | D:12     | Noticed a two-headed ogre
  9503 | D:12     | Noticed a two-headed ogre
  9508 | D:12     | Killed a two-headed ogre
  9519 | D:12     | Killed a two-headed ogre
  9597 | D:12     | Reached skill level 10 in Invocations
 10064 | D:12     | Noticed a four-headed hydra
 10074 | D:12     | Killed a five-headed hydra
 10445 | D:13     | Reached skill level 14 in Axes
 10526 | D:13     | Reached XP level 13. HP: 100/121 MP: 14/14
 11819 | D:14     | Reached skill level 15 in Axes
 11930 | D:14     | Noticed a fire dragon
 11948 | D:14     | Killed a fire dragon
 11967 | D:14     | Found a gate to the Vaults.
 11996 | D:14     | Found a glowing golden altar of the Shining One.
 12496 | D:14     | Gained mutation: You resist negative energy. (rN+) [Deep
                  | Dwarf growth]
 12496 | D:14     | Reached XP level 14. HP: 47/130 MP: 6/15
 12732 | D:14     | Reached skill level 10 in Fighting
 12796 | D:15     | Entered Level 15 of the Dungeon
 13045 | D:15     | Reached skill level 16 in Axes
 13624 | D:15     | Found a staircase to the Depths.
 13941 | Lair:1   | Entered Level 1 of the Lair of Beasts
 14090 | Lair:1   | Noticed Erica
 14104 | Lair:1   | Killed Erica
 14185 | Lair:1   | Reached XP level 15. HP: 85/140 MP: 13/13
 14771 | Lair:2   | Noticed Fannar
 14799 | Lair:2   | Killed Fannar
 14970 | Lair:2   | Noticed Urug
 14978 | Lair:2   | Killed Urug
 15442 | Lair:3   | Found a staircase to the Snake Pit.
 15848 | Lair:3   | Found a staircase to the Shoals.
 15852 | Lair:3   | Noticed Nergalle
 15867 | Lair:3   | Killed Nergalle
 16462 | Lair:4   | Reached skill level 17 in Axes
 16554 | Lair:4   | Found a shadowy altar of Dithmenos.
 17307 | Lair:5   | Found a staircase to the Slime Pits.
 18057 | Lair:6   | Entered Level 6 of the Lair of Beasts
 18077 | Lair:6   | HP: 7/142 [komodo dragon (63)]
 18233 | Lair:6   | Noticed an azure jelly
 18244 | Lair:6   | Killed an azure jelly
 18260 | Lair:6   | Noticed an azure jelly
 18279 | Lair:6   | Killed an azure jelly
 18293 | Lair:6   | Reached XP level 16. HP: 54/151 MP: 8/8
 18295 | Lair:6   | Noticed Rupert
 18300 | Lair:6   | Paralysed by Rupert for 6 turns
 18317 | Lair:6   | Killed Rupert
 18492 | Lair:6   | Found a viscous altar of Jiyva.
 18628 | Lair:6   | Reached skill level 18 in Axes
 18633 | Lair:6   | Reached skill level 1 in Dodging
 18711 | Lair:6   | Found a frozen archway.
 18733 | IceCv    | Entered an ice cave
 20094 | D:12     | Identified a +7 broad axe of holy wrath (a +5 broad axe
                  | blessed by the Shining One)
 20094 | D:12     | Received a gift from the Shining One
 20153 | Orc:1    | Entered Level 1 of the Orcish Mines
 20207 | Orc:1    | Found a roughly hewn altar of Beogh.
 20273 | Orc:1    | You fall into a shaft and drop 1 floor!
 20273 | Orc:2    | Entered Level 2 of the Orcish Mines
 20593 | Orc:2    | Found a staircase to the Elven Halls.
 21164 | Orc:2    | Found Racuitae's Magic Scroll Boutique.
 21164 | Orc:2    | Found Dawiost's Armour Emporium.
 21166 | Orc:2    | Found Dynlisaw's Jewellery Boutique.
 21166 | Orc:2    | Found Hoel's Assorted Antiques.
 21175 | Orc:2    | Bought a fizzy ruby potion for 27 gold pieces
 21175 | Orc:2    | Bought a potion of agility for 120 gold pieces
 21175 | Orc:2    | Bought 2 potions of resistance for 600 gold pieces
 21175 | Orc:2    | Bought a scroll of teleportation for 90 gold pieces
 21182 | Orc:2    | Bought a scroll of acquirement for 936 gold pieces
 21199 | Orc:2    | Bought 2 scrolls of magic mapping for 126 gold pieces
 21199 | Orc:2    | Bought a scroll of magic mapping for 63 gold pieces
 21199 | Orc:2    | Bought 2 scrolls of identify for 72 gold pieces
 21199 | Orc:2    | Bought a scroll of teleportation for 54 gold pieces
 21199 | Orc:2    | Bought a scroll of teleportation for 54 gold pieces
 21383 | Depths:1 | Entered Level 1 of the Depths
 21394 | Depths:1 | Noticed Asterion
 21423 | Depths:1 | Killed Asterion
 21512 | Depths:1 | Reached skill level 15 in Invocations
 21577 | Depths:1 | Reached XP level 17. HP: 35/159 MP: 5/5
 21583 | Depths:1 | Reached skill level 5 in Dodging
 21584 | Depths:1 | Reached skill level 19 in Axes
 21611 | Depths:1 | Identified the +3 chain mail of Beogh's Benevolence {rF+
                  | MR+ Dex-3} (You found it on level 1 of the Depths)
 21788 | Depths:1 | Noticed a lich
 21801 | Depths:1 | Killed a lich
 21890 | Depths:1 | Noticed a golden dragon
 21899 | Depths:1 | Killed a golden dragon
 21966 | Depths:1 | Found the ring of the Mage {Wiz MR++ Int+3}
 22143 | Depths:1 | Found a gateway to Hell.
 22158 | Depths:1 | Identified the +6 chain mail of Efuhunk {MR++ MP-9 Int+4}
                  | (You found it on level 1 of the Depths)
 22636 | Hell     | Entered the Vestibule of Hell
 22636 | Hell     | Noticed Geryon
 22683 | Hell     | HP: 8/162 [hell beast[Geryon] (4)]
 22683 | Hell     | Slain by a hell beast

Levels and vault maps discovered:
D:1:      mainiacjoe_arrival_reflecting_pool, layout_basic, wad_woods_river_04
D:2:      layout_loops_ring, fiery_altar_vehumet, minmay_pentomino_v4
D:3:      layout_basic, grunt_temple_overflow_holy_war, lemuel_crystal_altar,
          first_ration
D:4:      layout_cave_pools, marbit_many_paths, tgw_fedhas, minmay_hedge_maze,
          uniq_natasha, uniq_menkaure, uniq_crazy_yiuf_cottage, uniq_robin
D:5:      wad_lake_hut, layout_basic, kennysheep_vampire_church, serial_shops,
          kennysheep_little_box, kennysheep_dice
D:6:      layout_basic, gammafunk_temple_overflow_claw
D:7:      layout_basic, minmay_temple_entry_enclosed_plants,
          nicolae_ossuary_entry_ruins
D:8:      layout_rooms, serial_shops, nicolae_shop_overgrown_old_shop,
          uniq_prince_ribbit1, uniq_grum, uniq_maurice
D:9:      lemuel_ice_spiral_2, layout_stronghold,
          gammafunk_temple_overflow_pools, enter_bailey_3,
          ebering_ghost_funeral_grove, uniq_joseph
D:10:     layout_small_grid, dpeg_lair_monsters, basic_altar, serial_shops,
          nicolae_shop_trees, grunt_ogre_cave
D:11:     layout_gridville, nicolae_trove_entry_path_of_doom,
          minmay_pinched_square
D:12:     layout_stronghold, serial_shops, nicolae_shop_waterfront
D:13:     layout_loops_ring, minmay_rotating_lava
D:14:     argonaut_augean_stables, layout_basic, david_vaults_5,
          minmay_misc_feat_square, serial_curves, eino_curves_02,
          eino_curves_04, gauntlet_entry_generic, tso_metal_star
D:15:     gammafunk_enter_depths_forms, layout_basic,
          minmay_hollow_rounded_squares
Lair:1:   layout_chaotic_city, hangedman_lair_generics_rect, lemuel_fruit_tree,
          minmay_lair_oklob_chamber, uniq_erica
Lair:2:   layout_misc_corridors, st_stairs_12, chequers_serial_rivers_micro_d,
          uniq_fannar, uniq_urug
Lair:3:   layout_small_grid, shoals_dummy_entry,
          minmay_snake_entry_guardpost_small, uniq_nergalle
Lair:4:   layout_cave_pods, lemuel_oklob_altar
Lair:5:   layout_regular_city, slime_dummy
Lair:6:   hangedman_lair_tendril_chambers, layout_cave_pods,
          guppyfry_lair_end_dragon, special_room [special_room_jelly],
          portal_ice_cave_entry_pillars_1, uniq_rupert
Orc:1:    layout_caves, david_defended_altar_orc
Orc:2:    grunt_orc_tribal_feast, layout_caves
Depths:1: lemuel_troll_bridge, layout_cave_pools, kennysheep_minor_cross,
          lightli_too_deep, eino_small_chamber_without_monster,
          minmay_misc_feat_room, minmay_checkered_concentric_circles,
          uniq_asterion
Hell

Skill      XL: |  1  2  3  4  5  6  7  8  9 10 11 12 13 14 15 16 17 |
---------------+----------------------------------------------------+-----
Axes           | 3 4 5 6 8 10 11 12 14 15 16 17 18 19 | 19.7
Fighting       | 3 4 5 6 7 8 9 10 11 12 | 12.7
Armour         | 4 5 6 7 8 9 10 11 12 13 14 | 14.7
Shields        | 4 5 6 7 8 9 10 11 12 13 | 13.5
Invocations    | 2 4 7 8 10 11 12 14 15 | 15.8
Dodging        | 4 6 |  6.7

Action                   |  1- 3 |  4- 6 |  7- 9 | 10-12 | 13-15 | 16-18 || total
-------------------------+-------+-------+-------+-------+-------+-------++-------
Melee: War axe           |   129 |   142 |   430 |   592 |  1099 |     9 ||  2401
       Whip              |       |       |    16 |       |       |       ||    16
       Trident           |       |       |       |       |     7 |       ||     7
       Executioner's axe |       |       |       |       |       |   526 ||   526
Invok: Summon Divine War |       |       |       |     1 |     1 |     1 ||     3
       Cleansing Flame   |       |       |       |     1 |    12 |       ||    13
       Brand Weapon With |       |       |       |       |       |     1 ||     1
 Abil: Heal Wounds       |       |     4 |     2 |    20 |    23 |    54 ||   103
Evoke: Wand              |       |       |       |     7 |    21 |     2 ||    30
       Lamp of fire      |       |       |       |     2 |     3 |       ||     5
       Phial of floods   |       |       |       |       |     1 |     1 ||     2
  Use: Scroll            |     4 |     2 |    12 |     7 |     7 |    12 ||    44
       Potion            |       |       |       |     1 |     8 |     8 ||    17
  Eat: Chunk             |       |     5 |     9 |     6 |    19 |    10 ||    49
       Ration            |       |       |     2 |     2 |     3 |     2 ||     9
Armor: Scale mail        |    70 |    57 |       |       |       |       ||   127
       Plate armour      |       |       |   185 |   296 |   546 |   630 ||  1657
Dodge: Dodged            |    39 |    33 |    53 |   100 |   168 |   439 ||   832
Block: Shield            |   100 |   149 |   325 |   555 |   869 |     4 ||  2002
       Reflection        |       |     5 |     9 |    11 |    35 |    10 ||    70
       Other             |       |       |       |       |       |   182 ||   182
